 Dungeon Crawl Stone Soup version 0.31-a0-149-g3fdcc5976a (webtiles) character file.

Game seed: 3716012833169834404

462 qw the Skirmisher (level 6, -9/53 HPs)
             Began as a Minotaur Hunter on June 7, 2023.
             Mangled by a gnoll
             ... wielding a +0 halberd of protection
              (12 damage)
             ... on level 4 of the Dungeon.
             The game lasted 00:01:26 (3040 turns).

qw the Skirmisher (Minotaur Hunter)                 Turns: 3040, Time: 00:01:26

Health: -9/53      AC:  8    Str: 16    XL:     6   Next: 79%
Magic:  5/5        EV: 11    Int: 14    God:
Gold:   228        SH:  0    Dex: 15    Spells: 5/5 levels left

rFire   + . .        Y - +1 shortbow
rCold   . . .        (shield currently unavailable)
rNeg    . . .        f - +0 ring mail
rPois   .            a - +3 hat "Zecwydemu" {rF+ Int+8}
rElec   .            (no cloak)
rCorr   .            (no gloves)
SInv    .            (no boots)
Will    .....        (no amulet)
Stlth   +            (no ring)
HPRegen 0.28/turn    (no ring)
MPRegen 0.09/turn

%: no passive effects
@: no status effects
A: horns 2, retaliatory headbutt
a: no special abilities


You were on level 4 of the Dungeon.
You visited 2 branches of the dungeon, and saw 5 of its levels.

You collected 228 gold pieces.


Innate Abilities, Weirdness & Mutations

You have a pair of horns on your head.
You reflexively headbutt those who attack you in melee.


   Skills:
 + Level 4.5 Fighting
 - Level 8.0 Ranged Weapons
 - Level 1.8 Armour
 - Level 2.1 Dodging
 - Level 0.7 Stealth


You had 5 spell levels left.
You didn't know any spells.
Your spell library was empty.

Inventory:

Hand Weapons
 Y - a +1 shortbow (weapon)
Armour
 a - the +3 hat "Zecwydemu" (worn) {rF+ Int+8}
   (You acquired it on level 2 of the Dungeon)

   Int:       It affects your intelligence (+8).
   rF:        It protects you from fire.
 d - a +0 cloak
 f - a +0 ring mail (worn)
Scrolls
 b - a scroll of enchant armour {unknown}
 c - 2 scrolls of identify
 g - a scroll of brand weapon {unknown}
Potions
 e - 2 potions of curing
 h - a potion of might
 i - 2 potions of heal wounds {unknown}
 j - a potion of haste {unknown}

Dungeon Overview and Level Annotations

Branches:
Dungeon (4/15)             Temple (1/1) D:4

Altars:
Ashenzari
Cheibriados
Dithmenos
Fedhas
Gozag
Hepliaklqana
Makhleb
Nemelex Xobeh
Qazlal
Sif Muna
Trog
Uskayaw
Wu Jian
Yredelemnul

Annotations:
D:4 1 runed translucent door, qw's ghost, amateur GrFi


Message History

The gnoll hits you from afar with a +0 halberd of protection.
You shoot an arrow. The arrow barely misses the gnoll.
The ufetubus hits you.
The ufetubus hits you but does no damage.
The gnoll barely misses you. The ufetubus barely misses you.
The ufetubus hits you but does no damage.
You shoot an arrow. The arrow hits the gnoll.
The gnoll is heavily wounded.
The ufetubus misses you. You furiously retaliate!
You headbutt the ufetubus. The ufetubus hits you.
The gnoll hits you with a +0 flail.
The gnoll hits you from afar with a +0 halberd of protection!
You shoot an arrow. The arrow hits the gnoll!
You kill the gnoll!
The ufetubus barely misses you. The ufetubus hits you.
The gnoll closely misses you.
The ufetubus hits you but does no damage.
The ufetubus hits you.
You shoot an arrow. The arrow hits the ufetubus!
You kill the ufetubus!
The gnoll hits you from afar with a +0 halberd of protection.
You shoot an arrow. The arrow hits the gnoll.
The gnoll is lightly wounded.
The gnoll barely misses you.
You shoot an arrow. The arrow hits the gnoll.
The gnoll is heavily wounded.
The gnoll barely misses you.
You shoot an arrow.
The arrow hits the gnoll but does no damage.
The gnoll is heavily wounded.
The gnoll barely misses you.
You shoot an arrow.
The arrow hits the gnoll but does no damage.
The gnoll is moderately wounded.
The gnoll closely misses you.
You shoot an arrow.
The arrow hits the gnoll but does no damage.
The gnoll is moderately wounded.
The gnoll closely misses you.
The gnoll hits you from afar with a +0 halberd of protection!
You die...

#... ... ... ####### ... ....
#..#..# .#######'#### ....
#..#..#
#...........#...####'###'##
#...........#...#..%.....'.
#.........).gg..#..#.....#.
#.........@.# ####.....##
#######...........# #..#.....#.
.##...#######.....# #..#.....#.
............'.....#####'####'####
............#.[...'..%...........
............#.....#..............
............#)....#...%..........
.############.....#...#'####'####
##................#...#..#.....#.


You could see 2 gnolls.

Vanquished Creatures
  A howler monkey (D:4)
  2 hounds (D:4)
  Natasha (thrice) (D:3)
  A hound skeleton (D:3)
  3 gnolls
  17 adders
  An ufetubus (D:4)
  2 adder zombies (D:3)
  2 worms (D:3)
  2 dart slugs
  2 orcs (D:3)
  6 bats
  10 endoplasms
  3 giant cockroaches
  7 goblins
  6 hobgoblins
  4 quokkas
  4 ball pythons
  A ball python zombie (D:3)
  3 frilled lizards
  7 kobolds
  5 rats
92 creatures vanquished.

Notes
Turn   | Place    | Note
-------+----------+-------------------------------------------
     0 | D:1      | qw the Minotaur Hunter began the quest for the Orb.
     0 | D:1      | Reached XP level 1. HP: 18/18 MP: 0/0
     0 | D:1      | 0 ||| qw: Version: 0.2-a-117-gc6b5c8b
     0 | D:1      | 0 ||| qw: Game counter: 2616
     0 | D:1      | 0 ||| qw: Always use a shield: true
     0 | D:1      | 0 ||| qw: God list: Okawaru
     0 | D:1      | 0 ||| qw: Allow faded altars: false
     0 | D:1      | 0 ||| qw: Do Orc after D:15 true
     0 | D:1      | 0 ||| qw: Do second Lair branch before Depths: true
     0 | D:1      | 0 ||| qw: Lair rune preference: random
     0 | D:1      | 0 ||| qw: Plans: Normal
     0 | D:1      | 0 ||| PLANNING D:1-11
   454 | D:1      | Reached XP level 2. HP: 25/25 MP: 1/1
   536 | D:1      | Reached skill level 5 in Ranged Weapons
   686 | D:1      | 686 ||| UPGRADING to +0 ring mail.
   696 | D:1      | 696 ||| DROPPING +0 leather armour.
   697 | D:1      | 697 ||| READING 2 scrolls labelled UGOZXO LADGHECO.
   698 | D:1      | 698 ||| READING scroll labelled WAFONE XATIN.
   699 | D:1      | 699 ||| READING scroll labelled KETITHRY GUTUC.
   700 | D:1      | 700 ||| READING scroll labelled CUDOKI DUMA.
   701 | D:1      | 701 ||| READING scroll labelled BARYICR KULIXT.
   702 | D:1      | 702 ||| DROPPING scroll of fear.
   703 | D:1      | 703 ||| DROPPING scroll of butterflies.
   772 | D:2      | Reached skill level 1 in Armour
   845 | D:2      | Reached XP level 3. HP: 30/30 MP: 2/2
   897 | D:2      | Reached skill level 3 in Fighting
  1477 | D:2      | 1477 ||| READING scroll labelled COLOESK SUGU.
  1482 | D:2      | 1482 ||| READING scroll labelled MOXYOS IDDU.
  1483 | D:2      | 1483 ||| READING scroll labelled BARYUFUANO.
  1484 | D:2      | 1484 ||| READING scroll labelled QASHICK SIROLODE.
  1484 | D:2      | Identified a scroll of acquirement
  1484 | D:2      | 1484 ||| ACQUIRING +3 hat "Zecwydemu" {rF+ Int+8}
  1484 | D:2      | Acquired the +3 hat "Zecwydemu" {rF+ Int+8}
  1486 | D:2      | 1486 ||| UPGRADING to +3 hat "Zecwydemu" {rF+ Int+8}.
  1491 | D:2      | 1491 ||| DRINKING 3 inky potions.
  1492 | D:2      | 1492 ||| READING 2 scrolls of identify.
  1492 | D:2      | 1492 ||| IDENTIFYING white potion
  1517 | D:3      | Reached XP level 4. HP: 25/38 MP: 3/3
  1641 | D:3      | Found a sparkling altar of Nemelex Xobeh.
  1642 | D:3      | Found a hazy altar of Hepliaklqana.
  1643 | D:3      | Found a shadowy altar of Dithmenos.
  1648 | D:3      | Found a broken altar of Ashenzari.
  1652 | D:3      | Found an opulent altar of Gozag.
  1708 | D:3      | Reached skill level 6 in Ranged Weapons
  1798 | D:3      | Noticed Natasha
  1799 | D:3      | 1799 ||| FLEEEEING.
  1800 | D:3      | 1800 ||| FLEEEEING.
  1801 | D:3      | 1801 ||| FLEEEEING.
  1803 | D:3      | 1803 ||| FLEEEEING.
  1804 | D:3      | 1804 ||| FLEEEEING.
  1806 | D:3      | 1806 ||| FLEEEEING.
  1807 | D:3      | 1807 ||| FLEEEEING.
  1808 | D:3      | 1808 ||| FLEEEEING.
  1809 | D:3      | 1809 ||| FLEEEEING.
  1813 | D:3      | 1813 ||| FLEEEEING.
  1825 | D:3      | Killed Natasha
  1826 | D:3      | Reached XP level 5. HP: 37/46 MP: 4/4
  1956 | D:3      | Noticed Natasha
  1964 | D:3      | Killed Natasha
  2006 | D:3      | Noticed Natasha
  2009 | D:3      | Killed Natasha
  2120 | D:3      | 2120 ||| DRINKING 2 metallic golden potions.
  2121 | D:3      | 2121 ||| DROPPING potion of attraction.
  2139 | D:4      | 2139 ||| STAIRDANCE
  2261 | D:4      | Found a staircase to the Ecumenical Temple.
  2262 | D:4      | 2262 ||| PLANNING TEMPLE
  2270 | Temple   | Entered the Ecumenical Temple
  2489 | Temple   | 2489 ||| PLANNING D:1-11
  2550 | D:4      | Noticed qw's ghost (amateur GrFi)
  2560 | D:4      | Found a runed translucent door.
  2597 | D:4      | Reached skill level 7 in Ranged Weapons
  2599 | D:4      | Reached XP level 6. HP: 51/52 MP: 5/5
  2913 | D:4      | Reached skill level 8 in Ranged Weapons
  3020 | D:4      | 3020 ||| Stepping ~*~*~tactically~*~*~ (outnumbered).
  3027 | D:4      | 3027 ||| Stepping ~*~*~tactically~*~*~ (outnumbered).
  3033 | D:4      | HP: 10/52 [gnoll/+0 halberd of protection (13)]
  3034 | D:4      | HP: 4/52 [ufetubus (3)]
  3035 | D:4      | HP: 1/53 [gnoll/+0 halberd of protection (3)]
  3040 | D:4      | Mangled by a gnoll

Levels and vault maps discovered:
D:1:      dpeg_arrival_renting, layout_basic
D:2:      layout_basic, serial_rivers, chequers_serial_rivers_large_a,
          chequers_serial_rivers_small_3, chequers_serial_rivers_small_b,
          chequers_serial_rivers_room_b, chequers_serial_rivers_micro_e,
          chequers_serial_rivers_small_b, minmay_misc_feat_five
D:3:      minmay_evil_eye, layout_rooms, grunt_temple_overflow_open,
          serial_undead, serial_undead_f, serial_undead_a, serial_undead_f,
          serial_undead_f, hangedman_decor_points, uniq_natasha
D:4:      layout_gridville, minmay_temple_entry_junction,
          hellmonk_ghost_happy_afterlife, minmay_snake_closets
Temple:   jpeg_temple_island

Skill      XL: |  1  2  3  4  5  6 |
---------------+-------------------+-----
Ranged Weapons | 5 6 7 8 |  8.0
Armour         | 1 |  1.8
Fighting       | 3 4 |  4.5
Dodging        | |  2.1
Stealth        | |  0.7

Action                     |  1- 3 |  4- 6 || total
---------------------------+-------+-------++-------
   Fire: Shortbow          |   113 |   205 ||   318
    Use: Scroll            |    10 |       ||    10
         Potion            |     1 |     1 ||     2
 Armour: Ring mail         |    11 |    58 ||    69
         Leather armour    |     2 |       ||     2
  Dodge: Dodged            |    24 |    78 ||   102

Table legend:
 A = Non-vault XP
 B = Vault XP
 C = Vault XP percentage of total XP
 D = Non-vault monster count
 E = Vault monster count
 F = Vault count percentage of total count
                 A         B        C        D         E       F
            +---------+---------+-------+---------+---------+-------
      Total |     453 |     208 |  31.5 |      71 |      21 |  22.8
            +---------+---------+-------+---------+---------+-------
        D:1 |      17 |       0 |   0.0 |       9 |       0 |   0.0
        D:2 |      78 |       0 |   0.0 |      26 |       0 |   0.0
        D:3 |     157 |      84 |  34.9 |      22 |       9 |  29.0
        D:4 |     201 |     124 |  38.2 |      14 |      12 |  46.2
            +---------+---------+-------+---------+---------+-------
